 Dungeon Crawl Stone Soup version 0.29-a0-1030-gf5f8719cae (webtiles) character file.

Game seed: 1611073464297926782

175 RepoMan the Trooper (level 5, -1/85 HPs)
             Began as an Ogre Hunter on Aug 14, 2022.
             Slain by a gnoll
             ... wielding a +0 whip
              (7 damage)
             ... on level 3 of the Dungeon.
             The game lasted 00:11:18 (3666 turns).

RepoMan the Trooper (Ogre Hunter)                   Turns: 3666, Time: 00:11:19

Health: -1/85      AC:  1    Str: 17    XL:     5   Next: 55%
Magic:  5/5        EV: 10    Int: 16    God:
Gold:   127        SH:  0    Dex: 12    Spells: 4/4 levels left

rFire   . . .      SeeInvis .   l - +0 war axe
rCold   . . .      Faith    .   (no shield)
rNeg    . . .      Spirit   .   (body armour restricted)
rPois   .          Reflect  .   (helmet restricted)
rElec   .          Harm     .   (no cloak)
rCorr   .          Rampage  .   (gloves unavailable)
Will    .....                   (boots unavailable)
Stlth   ..........              (no amulet)
HPRegen 0.24/turn               d - +6 ring of intelligence
MPRegen 0.09/turn               (no ring)

@: berserking, very quick
A: large, unfitting armour, tough skin 1
a: no special abilities


You were on level 3 of the Dungeon.
You visited 1 branch of the dungeon, and saw 3 of its levels.

You collected 127 gold pieces.

Inventory:

Hand Weapons
 c - a +0 whip of freezing
 l - a +0 war axe (weapon)
Missiles
 k - 4 poisoned darts (quivered)
 m - 5 stones
Magical Staves
 g - a staff of poison
Jewellery
 d - a +6 ring of intelligence (left hand)
Scrolls
 a - 11 scrolls of butterflies {unknown}
Potions
 b - a potion of brilliance {unknown}
 e - a potion of berserk rage
 f - a potion of might {unknown}
 h - 2 potions of degeneration {unknown}
 i - a potion of haste {unknown}
 j - 2 potions of curing {unknown}
 n - a potion of invisibility {unknown}
 o - a potion of flight {unknown}


   Skills:
 + Level 5.2 Fighting
 * Level 2.1 Axes
 + Level 2.8 Throwing
 - Level 1.7 Dodging
 - Level 0.6 Stealth
 - Level 3.6 Unarmed Combat


You had 4 spell levels left.
You didn't know any spells.
Your spell library was empty.

Dungeon Overview and Level Annotations

Branches:
Dungeon (3/15)

Altars:


Innate Abilities, Weirdness & Mutations

You are too large for most types of armour.
You have tough skin. (AC +1)


Message History

You writhe in agony.
You hit the gnoll.
The gnoll is heavily wounded.
The gnoll hits you with the +6 dagger "Deffitro" {pain, rElec rPois Int+2}.
A gnoll comes into view. It is wielding a +0 whip.
You barely miss the gnoll.
The gnoll is heavily wounded.
The gnoll shouts!
The gnoll hits you with the +6 dagger "Deffitro" {pain, rElec rPois Int+2}. x2
You hit the gnoll.
The gnoll is almost dead.
The gnoll hits you with the +6 dagger "Deffitro" {pain, rElec rPois Int+2}!
You hit the gnoll but do no damage. Your punch misses the gnoll.
The gnoll is almost dead.
The gnoll hits you with the +6 dagger "Deffitro" {pain, rElec rPois Int+2}!
You hit the gnoll but do no damage.
The gnoll is almost dead.
The gnoll hits you with the +6 dagger "Deffitro" {pain, rElec rPois Int+2}!
* * * LOW HITPOINT WARNING * * *
You writhe in agony.
* * * LOW HITPOINT WARNING * * *
The gnoll closely misses you. x2
A red film seems to cover your vision as you go berserk!
You feel yourself moving faster!
You feel mighty! The gnoll closely misses you.
The gnoll hits you with a +0 whip!
* * * LOW HITPOINT WARNING * * *
Unknown command.
You hit the gnoll.
You kill the gnoll!
You slash the gnoll! The gnoll hits you with a +0 whip.
* * * LOW HITPOINT WARNING * * *
Unknown command.
You barely miss the gnoll.
The gnoll is almost dead.
The gnoll hits you with a +0 whip!
* * * LOW HITPOINT WARNING * * *
You barely miss the gnoll.
The gnoll is almost dead.
The gnoll hits you with a +0 whip!
You die...

#.............
.......
#........###.#
####...
#........# #
......#
#........#
#####.#
#........# #.#
#........###.#
# #
####'####.....
# #.#...#....
# #.@)...(.(.
# ###g..#....
#...# .. #...#
#...# #####


You could see a gnoll.

Vanquished Creatures
  An orc wizard (D:3)
  4 adders
  3 gnolls
  A worm (D:3)
  A dart slug (D:1)
  6 orcs (D:3)
  6 ball pythons
  7 endoplasms
  5 goblins
  3 hobgoblins
  9 jackals
  6 quokkas
  6 bats
  2 frilled lizards
  8 kobolds
  4 rats
72 creatures vanquished.

Vanquished Creatures (others)
  8 plants (D:1)
8 creatures vanquished.

Grand Total: 80 creatures vanquished

Notes
Turn   | Place    | Note
-------+----------+-------------------------------------------
     0 | D:1      | RepoMan the Ogre Hunter began the quest for the Orb.
     0 | D:1      | Reached XP level 1. HP: 22/22 MP: 1/1
    73 | D:1      | Reached skill level 3 in Fighting
   290 | D:1      | Reached XP level 2. HP: 20/31 MP: 2/2
   565 | D:1      | Reached skill level 1 in Throwing
   861 | D:1      | Reached XP level 3. HP: 28/39 MP: 3/3
  1016 | D:1      | Reached skill level 4 in Fighting
  2006 | D:2      | Reached XP level 4. HP: 40/49 MP: 4/4
  2198 | D:2      | Found a faded altar of an unknown god.
  2839 | D:3      | Reached skill level 1 in Axes
  2840 | D:3      | Reached skill level 5 in Fighting
  2840 | D:3      | Reached XP level 5. HP: 38/57 MP: 5/5
  3649 | D:3      | Identified the +6 dagger "Deffitro" {pain, rElec rPois
                  | Int+2}
  3666 | D:3      | Slain by a gnoll

Illustrated notes

Levels and vault maps discovered:
D:1:      lightli_arrival_flooded_house, layout_loops_ring, chequers_arboretum,
          nicolae_grassy_gnolls
D:2:      layout_basic, ebering_ecumenical_altar_mist
D:3:      layout_basic

Skill      XL: |  1  2  3  4  5 |
---------------+----------------+-----
Fighting       | 3 4 5 |  5.2
Throwing       | 1 2 |  2.8
Axes           | 1 2 |  2.1
Dodging        | |  1.7
Stealth        | |  0.6
Unarmed Combat | |  3.6

Action                   |  1- 3 |  4- 6 || total
-------------------------+-------+-------++-------
Melee: Unarmed           |    30 |       ||    30
       Whip              |    65 |    19 ||    84
       Punch             |     1 |     3 ||     4
       War axe           |       |    97 ||    97
Throw: Dart              |    12 |    13 ||    25
       Stone             |     2 |     3 ||     5
  Use: Potion            |       |     2 ||     2
 Stab: Sleeping          |     2 |     3 ||     5
Armor: Skin              |     4 |    12 ||    16
Dodge: Dodged            |    35 |    65 ||   100

Table legend: (Time is in decaauts)
 A = Elapsed time spent in this place.
 B = Non-inter-level travel time spent in this place.
 C = Inter-level travel time spent in this place.
 D = Time resting spent in this place.
 E = Time spent auto-exploring this place.
 F = Levels seen in this place.
 G = Mean time per level.
                   A        B        C        D        E       F      G
               +--------+--------+--------+--------+--------+-----+--------+
         Total |   3720 |   3501 |    219 |   1206 |   1416 |   3 | 1240.0 |
       Dungeon |   3720 |   3501 |    219 |   1206 |   1416 |   3 | 1240.0 |
               +--------+--------+--------+--------+--------+-----+--------+

Top non-repeatable levels by time:
     D:1: 1849 daAuts
     D:2: 982 daAuts
     D:3: 889 daAuts
